Shakira, lawful female dwarven Valkyrie ------------ |....[......# |..........|# |..........|# |........[%|# |...%....<.|# |.*%.......|### ------.----- # ###---------- #..@[..[@@.@##u |.%[%..[%| |.%.%)%.[| +.. )>%.%| .)%| .))+ ---- Shakira the Woman-at-arms Experience level: 10 Strength: 17 Dexterity: 14 Constitution: 18 Intelligence: 10 Wisdom: 9 Charisma: 9 Health: 0(98) Energy: 9(9) Def: 15 Gold: 3314 Moves: 10665 Dungeon seed: jtlaicJtEBMruDWg Game ID: Shakira_1487925050 Your Inventory: Coins $ - 3314 gold pieces Amulets w - an uncursed amulet of unchanging (being worn) Weapons a - the blessed rustproof +1 Excalibur (weapon in hand) b - a blessed +0 dagger (alternate weapon; not wielded) Armor e - an uncursed burnt +3 small shield (being worn) q - an uncursed +0 cloak of magic resistance (being worn) r - an uncursed +0 plate mail (being worn) y - an uncursed +0 pair of high boots (being worn) z - an uncursed +0 helmet (being worn) Y - an uncursed +0 pair of leather gloves (being worn) Comestibles d - an uncursed C-ration g - an uncursed food ration J - an uncursed sprig of wolfsbane R - an uncursed K-ration Scrolls i - 2 uncursed scrolls of teleportation j - a cursed scroll of teleportation l - an uncursed scroll of earth p - 2 blessed scrolls of teleportation s - 2 uncursed scrolls of enchant weapon t - a blessed scroll of remove curse u - an uncursed scroll of enchant armor C - 2 uncursed scrolls of scare monster G - an uncursed scroll of food detection I - an uncursed scroll of create monster L - an uncursed scroll of genocide P - an uncursed scroll of confuse monster Potions f - an uncursed potion of sleeping x - a cursed potion of gain ability O - an uncursed potion of blindness Rings n - an uncursed ring of cold resistance v - an uncursed ring of teleport control (on left hand) A - an uncursed ring of regeneration (on right hand) M - an uncursed ring of poison resistance Wands h - a wand of opening (0:4) o - a cursed wand of digging (0:4) E - a cursed wand of slow monster (0:7) F - a wand of striking (0:7) K - a wand of probing (0:7) Q - a wand of magic missile (0:5) S - a cursed wand of cold (0:1) T - a wand of locking (0:4) U - a cursed wand of make invisible (0:3) V - a cursed wand of digging (0:3) W - a cursed wand of magic missile (0:1) X - a wand of cancellation (0:7) Tools c - a +0 unicorn horn k - an uncursed tooled horn m - an uncursed magic lamp D - an uncursed tin opener H - an uncursed lock pick N - an uncursed blindfold Spells and supernatural/magical abilities: Name Level Category Fail Memory W - pray for help -- divine ? -- Your skills at the end: Fighting Skills Weapon Skills dagger [Basic] long sword [Expert] Spellcasting Skills Final Attributes: You were piously aligned. You were cold resistant. You were level-drain resistant. You were magic-protected. You had automatic searching. You had infravision. You were invisible. You were stealthy. You had teleport control. You regenerated. You could not change from your current form. You were fast. You are dead. Vanquished creatures: 2 vampires 7 ghosts a lieutenant a winged gargoyle a stalker an air elemental a giant zombie 2 sergeants 2 xans an ettin mummy 2 quantum mechanics 2 trolls a large dog a flaming sphere a shocking sphere 2 large cats a tiger a gargoyle an ochre jelly a leocrotta 2 human mummies a red naga a python 3 wraiths 27 soldiers 2 quivering blobs 4 wolves 2 gremlins a spotted jelly 3 leprechauns a mumak a scorpion an ogre 2 yetis a lizard a dog a housecat a dwarf lord a blue jelly a gray unicorn a black unicorn 3 gnome mummies 3 snakes an ape a human zombie 5 Woodland-elves 2 soldier ants 2 bugbears 2 quasits a water nymph 2 Mordor orcs 2 Uruk-hai 3 orc shamans 3 rock piercers a fog cloud 4 yellow lights a shrieker a violet fungus a gnome lord 2 kobold mummies a guardian naga hatchling a gray ooze 2 elf zombies 2 ghouls 2 giant ants 2 little dogs a floating eye 2 kittens a kobold shaman 9 hill orcs 5 rothes a rabid rat 3 giant bats 3 monkeys an orc zombie 5 dwarf zombies a wererat 2 werejackals an iguana 12 killer bees 2 acid blobs 3 gas spores a hobbit 11 manes 3 large kobolds a hobgoblin 4 giant rats 3 cave spiders 4 yellow molds a green mold 5 gnomes 13 garter snakes 4 gnome zombies 4 geckos 14 jackals 2 foxes a kobold 4 goblins 3 sewer rats 10 grid bugs 6 lichens 2 kobold zombies 8 newts 296 creatures vanquished. Voluntary challenges: You used a wielded weapon 522 times, starting on turn 1. You read items or engraved 18 times, starting on turn 2416. You never genocided any monsters. You never polymorphed an object. You changed form 1 time, starting on turn 1135. You used no wishes. You never split a pudding. You never wrote Elbereth's name. You violated your moral code, losing 19 points of alignment, starting on turn 2488. Dungeon overview: The Dungeons of Doom: levels 1 to 19 Level 1 an altar to Odin, some fountains a long staircase Level 2 a sink stairs to The Gnomish Mines Level 3 a general store, some fountains Level 4 some fountains, a sink Level 5 Level 6 stairs to Sokoban Level 7 some fountains Level 8 a fountain Level 9 a potion shop Level 10 a scroll shop, a fountain Level 11 a fountain Level 12 Level 13 Level 14 some fountains Level 15 Level 16 Level 17 Level 18 Level 19 <- You were here The Gnomish Mines: levels 3 to 10 Level 3 stairs to The Dungeons of Doom Level 4 Level 5 Level 6 many shops, a temple to Loki, some fountains Level 7 Level 8 Level 9 Level 10 some fountains Sokoban: Level 5 stairs to The Dungeons of Doom History has recorded: On T:1 you entered the Dungeons of Doom to retrieve the Amulet of Yendor! On T:308 you reached level 2 of The Dungeons of Doom. On T:338 you advanced to experience level 2. On T:575 you reached level 3 of The Dungeons of Doom. On T:630 you advanced to experience level 3. On T:971 you reached level 4 of The Dungeons of Doom. On T:1276 you advanced to experience level 4. On T:1303 you reached level 5 of The Dungeons of Doom. On T:1666 you reached level 6 of The Dungeons of Doom. On T:1968 you reached level 4 of Sokoban. On T:2108 you advanced to experience level 5. On T:2726 you advanced to experience level 6. On T:3196 you reached level 1 of The Gnomish Mines. On T:3422 you reached level 2 of The Gnomish Mines. On T:3713 you reached level 3 of The Gnomish Mines. On T:4098 you reached level 4 of The Gnomish Mines. On T:4304 you reached level 5 of The Gnomish Mines. On T:4308 you advanced to experience level 7. On T:4350 you reached level 6 of The Gnomish Mines. On T:4420 you reached level 7 of The Gnomish Mines. On T:4602 you reached level 8 of The Gnomish Mines. On T:5244 you advanced to experience level 8. On T:6737 you reached level 7 of The Dungeons of Doom. On T:7056 you reached level 8 of The Dungeons of Doom. On T:7083 you advanced to experience level 9. On T:7438 you reached level 9 of The Dungeons of Doom. On T:7596 you reached level 10 of The Dungeons of Doom. On T:7997 you reached level 11 of The Dungeons of Doom. On T:8298 you reached level 12 of The Dungeons of Doom. On T:8547 you reached level 13 of The Dungeons of Doom. On T:8829 you reached level 14 of The Dungeons of Doom. On T:9124 you reached level 15 of The Dungeons of Doom. On T:9307 you reached level 16 of The Dungeons of Doom. On T:9407 you reached level 17 of The Dungeons of Doom. On T:9959 you reached level 18 of The Dungeons of Doom. On T:9978 you advanced to experience level 10. On T:10390 you reached level 19 of The Dungeons of Doom. Score breakdown: Gold: 3314 (11975 points) Experience: 10 levels (16712 points) Exploration: 19 levels ( 39.58%) (18565 points) Discoveries: 51 items ( 20.73%) (13659 points) Valuables value: (no points given unless you survive) Artifact value: 4000 (12253 points) Variety of kills: 103 monsters ( 27.03%) (15598 points) Turncount: 10665 turns (-2473 points) Survival: died (score multiplied by 80%) Total score: 69031 Latest messages: The lieutenant reads a scroll of teleportation! You hit the soldier! The soldier wields a short sword! You hit the soldier! The soldier thrusts his short sword. The soldier just misses! You hit the soldier! You kill the soldier! The lieutenant wields a long sword! The lieutenant swings his long sword. The lieutenant hits! You hit the lieutenant! The lieutenant swings his long sword. The lieutenant hits! The lieutenant swings his long sword. The lieutenant hits! You stop. Your warhorse is in the way! The lieutenant swings his long sword. The lieutenant hits! The lieutenant swings his long sword. The lieutenant hits! You die... Final status: Farvel Shakira the Valkyrie, killed by a lieutenant... You died in The Dungeons of Doom on dungeon level 19 with 69031 points, and 3314 pieces of gold, after 10665 moves. You were level 10 with a maximum of 98 hit points when you died.